 Dungeon Crawl Stone Soup version 0.26-a0-597-gb535b0901c (webtiles) character file.

Game seed: 10039064527372839778

53 Eifo4Ohj9gu9Dob0ohLe the Skirmisher (level 3, 0/43 HPs)
             Began as a Demonspawn Berserker on Aug 25, 2020.
             Was a Follower of Trog.
             Succumbed to an adder's poison
             ... on level 2 of the Dungeon.
             The game lasted 00:05:04 (1839 turns).

Eifo4Ohj9gu9Dob0ohLe the Skirmisher (DsBe)          Turns: 1839, Time: 00:05:04

Health: 0/43       AC:  2    Str: 14 (17) XL:     3   Next: 62%
Magic:  3/3        EV: 12    Int:  8      God:    Trog [*.....]
Gold:   71         SH:  0    Dex: 12 (13) Spells: 2/2 levels left

rFire    . . .     SeeInvis .   a - +0 falchion
rCold    . . .     Faith    .   (no shield)
rNeg     . . .     Spirit   .   b - +0 animal skin
rPois    .         Reflect  .   (no helmet)
rElec    .         Harm     .   (no cloak)
rCorr    .                      (no gloves)
MR       .....                  (no boots)
Stlth    ..........             (no amulet)
HPRegen  0.14/turn              (no ring)
MPRegen  0.08/turn              (no ring)

@: berserking, lethally poisoned (0 -> -9), very quick
A: claws 1, powered by death 1
a: Berserk, Renounce Religion


You were on level 2 of the Dungeon.
You worshipped Trog.
Trog was aware of your devotion.
You visited 1 branch of the dungeon, and saw 2 of its levels.

You collected 71 gold pieces.

Inventory:

Hand Weapons
 a - a +0 falchion (weapon)
Armour
 b - a +0 animal skin (worn)
 j - a +0 chain mail
Jewellery
 g - an uncursed ring of positive energy {unknown}
 h - an uncursed amulet of regeneration {unknown}
 i - an uncursed amulet of reflection {unknown}
Scrolls
 c - 2 scrolls of random uselessness {unknown}
 d - a scroll of enchant weapon {unknown}
 e - a scroll of amnesia {unknown}
 f - 2 scrolls of teleportation {unknown}


   Skills:
 + Level 3.5 Fighting
 + Level 3.4 Long Blades
 + Level 1.9 Armour
 + Level 2.2 Dodging
 + Level 0.3 Stealth


You had 2 spell levels left.
You didn't know any spells.
Your spell library was empty.

Dungeon Overview and Level Annotations

Branches:
Dungeon (2/15)

Altars:


Innate Abilities, Weirdness & Mutations

You have sharp fingernails.
You regenerate a little health from kills.


Message History

You barely miss the frilled lizard. The adder bites you.
* * * LOW HITPOINT WARNING * * *
You are more poisoned.
The adder poisons you! The frilled lizard closely misses you.
A red film seems to cover your vision as you go berserk!
You feel yourself moving faster!
You feel mighty! The adder bites you.
* * * LOW HITPOINT WARNING * * *
You are more poisoned.
The adder poisons you! The adder closely misses you.
The frilled lizard closely misses you.
You riposte.
You barely miss the frilled lizard. You miss the adder.
The adder is severely wounded.
* * * LOW HITPOINT WARNING * * *
You feel sick. The adder closely misses you.
You riposte.
You barely miss the adder.
The adder is severely wounded.
You barely miss the adder.
The adder is severely wounded.
You die...

# ....... . # ....... .## #
.......#..# # ........#.# ##
........#.# #. ........#.# #
#. ......lS#.## .# #.
.......@#..#####.# #.
.................# #.
.................# #.
.................# #. #.#
........###..###.# #.
#.#########.####.###.######.
#.#.. ...................
#.#.######.#####..##........
#.#.#....#. ##.##.##.....


You could see an adder and a frilled lizard.

Vanquished Creatures
  3 adders (D:2)
  A dart slug (D:2)
  2 giant cockroaches (D:1)
  4 goblins
  A hobgoblin (D:2)
  3 jackals (D:2)
  4 kobolds
  A ball python (D:2)
  A bat (D:2)
  2 frilled lizards
  2 rats (D:1)
24 creatures vanquished.

Notes
Turn   | Place    | Note
-------+----------+-------------------------------------------
     0 | D:1      | Eifo4Ohj9gu9Dob0ohLe the Demonspawn Berserker began the
                  | quest for the Orb.
     0 | D:1      | Reached XP level 1. HP: 18/18 MP: 1/1
   441 | D:1      | Gained mutation: You regenerate a little health from kills.
                  | [demonic ancestry]
   441 | D:1      | Reached XP level 2. HP: 24/24 MP: 2/2
  1192 | D:2      | Gained mutation: You have sharp fingernails. [demonic
                  | ancestry]
  1192 | D:2      | Reached XP level 3. HP: 27/29 MP: 3/3
  1837 | D:2      | HP: 2/43 [adder (3)]
  1839 | D:2      | Succumbed to an adder's poison

Illustrated notes

Levels and vault maps discovered:
D:1:      eino_arrival_cavern_b, layout_loops_ring
D:2:      layout_basic, ashenzari_conservatory_becter,
          chequers_ecumenical_altar_simple_redux, kennysheep_okawaru_gauntlet,
          uniq_robin

Skill      XL: |  1  2 |
---------------+-------+-----
Dodging        | 2 |  2.2
Long Blades    | 3 |  3.4
Fighting       | |  3.5
Armour         | |  1.9
Stealth        | |  0.3

Action                   || total
-------------------------++-------
Melee: Falchion          ||    98
Invok: Berserk           ||     2
  Use: Potion            ||     2
Armor: Animal skin       ||    14
Dodge: Dodged            ||    69
       Rpst.: Falchion   ||    25

Table legend: (Time is in decaauts)
 A = Elapsed time spent in this place.
 B = Non-inter-level travel time spent in this place.
 C = Inter-level travel time spent in this place.
 D = Time resting spent in this place.
 E = Time spent auto-exploring this place.
 F = Levels seen in this place.
 G = Mean time per level.
                   A        B        C        D        E       F      G
               +--------+--------+--------+--------+--------+-----+--------+
         Total |   1864 |   1841 |     23 |    691 |    497 |   2 |  932.0 |
       Dungeon |   1864 |   1841 |     23 |    691 |    497 |   2 |  932.0 |
               +--------+--------+--------+--------+--------+-----+--------+

Top non-repeatable levels by time:
     D:1: 967 daAuts
     D:2: 897 daAuts
